 Dungeon Crawl Stone Soup version 0.21-a0-472-g223bcb9 (webtiles) character file.

39 slep the Skirmisher (level 3, 0/29 HPs)
             Began as a Demonspawn Monk on Nov 21, 2017.
             Slain by Terence
             ... wielding a +0 trident
              (3 damage)
             ... on level 2 of the Dungeon.
             The game lasted 00:03:04 (524 turns).

slep the Skirmisher (Demonspawn Monk)                Turns: 524, Time: 00:03:04

Health: 0/29       AC:  2    Str: 11    XL:     3   Next: 26%
Magic:  3/3        EV: 13    Int: 11    God:
Gold:   32         SH:  0    Dex: 16    Spells: 2/2 levels left

rFire    . . .     SeeInvis .   a - +0 falchion
rCold    . . .     Gourm    .   (no shield)
rNeg     . . .     Faith    .   b - +0 robe
rPois    .         Spirit   .   (helmet restricted)
rElec    .         Reflect  .   (no cloak)
rCorr    +         Harm     .   (no gloves)
MR       .....     Rnd*Tele +   (no boots)
Stlth    ++........             (no amulet)
HPRegen  0.09/turn              f - ring of resist corrosion
MPRegen  0.08/turn              p - ring of teleportation (curse)

@: no status effects
A: horns 1
a: no special abilities


You were on level 2 of the Dungeon.
You were not hungry.

You visited 1 branch of the dungeon, and saw 2 of its levels.

You collected 32 gold pieces.

Inventory:

Hand Weapons
 a - a +0 falchion (weapon)
Missiles
 o - 13 poisoned needles
Armour
 b - a +0 robe (worn)
Jewellery
 f - a ring of resist corrosion (left hand)
 p - a cursed ring of teleportation (right hand)
Scrolls
 e - a scroll of teleportation {unknown}
 h - a scroll of remove curse {unknown}
 j - 2 scrolls of identify {unknown}
 l - a scroll of random uselessness {unknown}
 m - a scroll of amnesia {unknown}
Potions
 d - a potion of brilliance {unknown}
 g - a potion of curing {unknown}
 i - a potion of flight {unknown}
 n - 2 potions of heal wounds {unknown}
Comestibles
 c - a bread ration
 k - a royal jelly


   Skills:
 + Level 3.4 Fighting
 + Level 3.1 Long Blades
 + Level 3.1 Dodging
 + Level 2.0 Stealth


You had 2 spell levels left.
You didn't know any spells.

Dungeon Overview and Level Annotations

Branches:
Dungeon (2/15)

Altars:

Annotations:
D:2 Terence


Innate Abilities, Weirdness & Mutations

You have a pair of small horns on your head.


Message History

The adder bites you.
You hit the adder.
You kill the adder!
You have reached level 3!
Your experience leads to an increase in your attributes!
Increase (S)trength, (I)ntelligence, or (D)exterity?
You feel agile. The kobold misses you.
You hit the kobold.
You kill the kobold!
Terence shouts, "DIE!!!"
Terence misses you.
A rat comes into view.
Terence hits you from afar with a trident!
* * * LOW HITPOINT WARNING * * *
Terence barely misses you.
You closely miss Terence. You headbutt Terence.
Terence is lightly wounded.
Terence hits you with a trident.
You die...

..... .......
##. .....r. ..
. ....... #.#
.# ....[..##
..#..
......... ...
.......@##.###
#...g@....#.##
#......=......
#..$........##
#..........##
#...$.....##
#...........
#..........##
###.######..#
##...# .##


You could see Terence, a goblin and a rat.

Vanquished Creatures
  An adder (D:2)
  A dart slug (D:1)
  2 leopard geckos (D:1)
  2 bats (D:1)
  A giant cockroach (D:1)
  A hobgoblin (D:1)
  4 jackals (D:1)
  4 kobolds
  4 frilled lizards (D:1)
  6 rats (D:1)
26 creatures vanquished.

Notes
Turn   | Place    | Note
-------+----------+-------------------------------------------
     0 | D:1      | slep the Demonspawn Monk began the quest for the Orb.
     0 | D:1      | Reached XP level 1. HP: 18/18 MP: 1/1
    92 | D:1      | Gained mutation: You have a pair of small horns on your head. [demonic ancestry]
    92 | D:1      | Reached XP level 2. HP: 24/24 MP: 2/2
   516 | D:2      | Noticed Terence
   520 | D:2      | Reached XP level 3. HP: 11/29 MP: 3/3
   524 | D:2      | Slain by Terence

Vault maps used:
D:1:      nzn_arrival_depleted_hourglass
D:2:      uniq_terence

Skill      XL: |  1  2 |
---------------+-------+-----
Dodging        | 3 |  3.1
Long Blades    | 3 |  3.1
Stealth        | 2 |  2.0
Fighting       | |  3.4

Action                   || total
-------------------------++-------
Melee: Falchion          ||    63
       Headbutt          ||     9
 Stab: Sleeping          ||     3
Armor: Robe              ||    11
Dodge: Dodged            ||    48
       Rpst.: Falchion   ||    15

Table legend:
 A = Spawn XP
 B = Non-spawn XP
 C = Spawn XP percentage of total XP
 D = Spawn monster count
 E = Non-spawn monster count
 F = Spawn count percentage of total count
 G = Total turns spent on level
                    A         B        C        D         E        F      G
               +---------+---------+-------+---------+---------+-------+---------
         Total |       0 |      56 |   0.0 |       0 |      26 |   0.0 |   524
               +---------+---------+-------+---------+---------+-------+---------
           D:1 |       0 |      39 |   0.0 |       0 |      23 |   0.0 |   503
           D:2 |       0 |      17 |   0.0 |       0 |       3 |   0.0 |    21
               +---------+---------+-------+---------+---------+-------+---------
